 Dungeon Crawl Stone Soup version 0.17.0-57-g0e89251 (webtiles) character file.

21 RedWar the Conjurer (level 2, -1/12 HPs)
             Began as a Felid Conjurer on Dec 8, 2015.
             Slain by a worm (8 damage)
             ... on level 2 of the Dungeon.
             The game lasted 00:17:37 (1419 turns).

RedWar the Conjurer (Felid Conjurer)                Turns: 1419, Time: 00:17:37

Health: -1/12      AC:  1    Str:  4    XL:     2   Next: 65%
Magic:  6/6        EV: 18    Int: 16    God:
Gold:   49         SH:  0    Dex: 16    Spells: 1 memorised, 4 levels left
                                        Lives:  0   Deaths: 0

rFire  . . .     SeeInvis +       - Unarmed
rCold  . . .     Clarity  .     (armour unavailable)
rNeg   . . .     SustAt   .     (shield unavailable)
rPois  .         Gourm    .     (helmet unavailable)
rElec  .         Spirit   .     (cloak unavailable)
rCorr  .         Warding  .     (gloves unavailable)
rMut   .         Stasis   .     (boots unavailable)
MR     .....                    (no amulet)
Stlth  +++.......               (no ring)
                                (no ring)

@: quick, not resistant to hostile enchantments, fairly stealthy
A: no armour, no weapons or thrown items, claws 1, fangs 3, see invisible,
carnivore 3, speed 1, shaggy fur 1, slow metabolism 1, sharp paws
a: no special abilities


You were on level 2 of the Dungeon.
You were completely stuffed.

You visited 1 branch of the dungeon, and saw 2 of its levels.

You collected 49 gold pieces.

Inventory:

Scrolls
 e - a scroll of enchant weapon {unknown}
 f - a scroll of blinking {unknown}
 g - 2 scrolls of identify {unknown}
Potions
 i - a potion of mutation {unknown}
 j - a potion of cancellation {unknown}
Books
 a - a book of Conjurations

   Spells                             Type                      Level
   a - Magic Dart                     Conjuration                  1
   b - Searing Ray                    Conjuration                  2
   c - Dazzling Spray                 Conjuration/Hexes            3
   d - Fulminant Prism                Conjuration/Hexes            4
   e - Iskenderun's Mystic Blast      Conjuration                  4
   f - Iskenderun's Battlesphere      Conjuration/Charms           5
Comestibles
 b - a meat ration
 d - 4 chunks of flesh


   Skills:
 * Level 1.2 Fighting
 * Level 3.1 Dodging
 - Level 2.6 Stealth
 * Level 1.4 Unarmed Combat
 - Level 2.0 Spellcasting
 - Level 3.6 Conjurations


You had 4 spell levels left.
You knew the following spells:

 Your Spells              Type           Power        Failure   Level  Hunger
a - Magic Dart            Conj           ##..         6%          1    #......


Dungeon Overview and Level Annotations

Branches:
Dungeon (2/15)

Altars:


Innate Abilities, Weirdness & Mutations

You cannot wear armour.
You are incapable of wielding weapons or throwing items.
You have sharp claws.
You have razor-sharp teeth.
You have supernaturally acute eyesight.
You are carnivorous and can eat meat at any time.
You cover ground quickly.
You are covered in fur (AC +1).
You have a slow metabolism.
Your sharp claws are effective at attacking unaware monsters.


Message History

You feel aware of your surroundings.
It was a scroll of magic mapping.
You pounce on the unaware helpless goblin!
You claw the goblin!
You kill the goblin!
You see here a dagger.
A worm comes into view.
A goblin comes into view. It is wielding a club.
The goblin shouts!
You scratch the goblin.
You kill the goblin!
You scratch the worm.
The worm is lightly wounded.
You scratch the worm. You bite the worm, but do no damage.
The worm is lightly wounded.
The worm bites you.
You scratch the worm.
The worm is moderately wounded.
The worm bites you!
Ouch! That really hurt!
You die...

,,,* **,,,,,,,**
*#.......#*,,, ,,,*
**,,,,,** ####.####****
*,** **,,,** #.# *,,,, *,*
**+** #.# *,*** *,* *,*
#)# *,*** *,* *,***#####
#.# *,**, *,* **,,,,,...#
#.# *,**,
*,********,,,*####.#####.#
*,**,
*,,,,,,,,,,,,,#w@........#
*,**,
********,*,,,#.)##.#######
*,,,, *,**.....*#.# ****,
*,*#.##.#*#.# ** **,#,*.#*
#.# **,,.#***#.#
**..,,,,..# ##*****###


You could see a worm.

Vanquished Creatures
  A giant gecko (D:1)
  3 giant cockroaches (D:1)
  2 goblins (D:2)
  2 hobgoblins (D:1)
  3 kobolds (D:1)
  6 bats (D:1)
  3 rats (D:1)
20 creatures vanquished.

Notes
Turn   | Place    | Note
--------------------------------------------------------------
     0 | D:1      | RedWar the Felid Conjurer began the quest for the Orb.
     0 | D:1      | Reached XP level 1. HP: 7/7 MP: 4/4
   212 | D:1      | Reached skill level 1 in Unarmed Combat
   658 | D:1      | Reached XP level 2. HP: 7/12 MP: 6/6
   666 | D:1      | Reached skill level 1 in Fighting
  1419 | D:2      | Slain by a worm

Action                   || total
-------------------------++-------
Melee: Unarmed           ||    62
 Cast: Magic Dart        ||     1
  Use: Scroll            ||     3
       Potion            ||     1
 Stab: Sleeping          ||     3
  Eat: Chunk             ||     8
